Map: Dusk Towers

Players

Burt

  • Race: Terran Terran
  • League: Platinum

maikojodan - Winner!

  • Race: Protoss Protoss
  • League: Diamond

VOD

Have the link to the VOD?

Description

Time

  • Played on: Dec. 7, 2015, 11:08 p.m.
  • Length: 25:12
Show
View Real Time Build Order
Export as new Build Order

Burt Terran 

Build Orders: Reaper Expand, Mech 

Get SALT Encoding   

  12  0:01  SCV  
  13  0:13  SCV  
  14  0:19  Supply Depot  
  14  0:26  SCV  
  15  0:41  SCV, Barracks  
  16  0:44  Refinery  
  16  0:53  SCV  
  17  1:05  SCV  
  18  1:17  SCV  
  19  1:29  Orbital Command  
  19  1:31  Reaper  
  20  1:42  Command Center  
  20  1:55  Supply Depot, SCV  
  20  1:59  Refinery  
  21  2:04  Marine  
  21  2:08  SCV  
  23  2:20  SCV, Factory  
  23  2:22  Marine  
  25  2:32  SCV  
  26  2:44  SCV  
  26  2:45  Marine  
  28  2:55  Orbital Command  
  28  2:58  SCV  
  28  3:03  Factory Tech Lab, Marine  
  29  3:08  Starport  
  29  3:10  SCV  
  30  3:15  Refinery  
  30  3:22  SCV, Barracks Reactor  
  30  3:27  Cyclone  
  34  3:30  SCV  
  36  3:34  SCV  
  36  3:36  Refinery  
  36  3:37  Mag-Field Accelerator  
  36  3:42  SCV  
  36  3:46  SCV  
  36  3:47  Supply Depot  
  38  3:52  Supply Depot  
  38  3:54  SCV  
  38  4:10  Marine x2  
  40  4:17  Cyclone  
  40  4:20  SCV x2  
  40  4:23  Supply Depot  
  45  4:26  Starport Tech Lab  
  45  4:30  Marine x2  
  47  4:32  SCV  
  47  4:33  SCV  
  49  4:42  Engineering Bay  
  49  4:45  SCV x2  
  51  4:47  Raven  
  51  4:50  Cyclone  
  56  4:53  Marine x2  
  56  4:57  SCV  
  56  4:59  Command Center  
  59  5:01  Supply Depot, SCV  
  60  5:09  SCV  
  60  5:13  SCV  
  62  5:19  Marine x2  
  64  5:33  Siege Tank  
  67  5:37  Marine x2  
  67  5:42  Raven  
  70  5:45  SCV x2  
  72  5:55  Marine x2  
  74  5:59  Factory  
  74  6:02  Factory  
  74  6:10  Siege Tank  
  77  6:13  Marine x2  
  77  6:14  SCV x2  
  81  6:19  Orbital Command  
  81  6:20  Supply Depot x2  
  81  6:24  Missile Turret  
  81  6:26  SCV x2  
  81  6:31  Marine x2  
  85  6:33  Raven  
  85  6:38  SCV x2  
  89  6:42  Cyclone  
  92  6:48  Marine  
  87  7:00  Marine  
  85  7:02  SCV x2  
  85  7:06  Marine  
  85  7:08  Orbital Command  
  88  7:10  Factory Tech Lab x2  
  88  7:15  Corvid Reactor  
  88  7:16  Raven  
  90  7:23  Command Center  
  90  7:26  Supply Depot  
  90  7:29  SCV x2  
  92  7:34  Refinery  
  92  7:35  SCV  
  93  7:38  Siege Tank x3  
  93  7:39  Refinery, Marine x2  
  93  7:41  SCV x2  
  106  7:47  SCV  
  107  7:53  SCV x2  
  107  7:57  Marine  
  110  8:01  Missile Turret  
  110  8:10  Cyclone, Hellion x2  
  117  8:17  Liberator  
  111  8:30  Marine x2  
  111  8:31  Hellion  
  111  8:32  Hellion  
  117  8:37  Supply Depot  
  117  8:39  Orbital Command  
  117  8:40  Supply Depot  
  120  8:41  Supply Depot  
  120  8:48  Marine  
  119  8:57  Cyclone x3  
  119  8:59  Marine  
  129  9:06  Marine  
  123  9:16  Refinery  
  106  9:17  Medivac, Marine  
  106  9:20  Command Center  
  106  9:22  Refinery  
  108  9:25  SCV x2  
  108  9:29  Siege Tank x2  
  108  9:30  SCV x2  
  118  9:33  Armory  
  118  9:34  Armory  
  118  9:36  Cyclone  
  118  9:37  SCV x2, Marine x2  
  125  9:42  SCV x2  
  127  9:49  SCV x2  
  129  9:54  SCV  
  129  9:55  Marine  
  131  10:01  Cyclone  
  131  10:02  Cyclone  
  137  10:25  SCV  
  137  10:26  SCV x3  
  141  10:29  Liberator  
  141  10:31  Supply Depot  
  141  10:33  Planetary Fortress  
  141  10:38  SCV x4  
  144  10:43  Siege Tank  
  144  10:44  Siege Tank x2  
  144  10:46  Marine  
  144  10:47  Marine  
  158  10:50  SCV  
  158  10:53  Terran Vehicle Weapons Level 1  
  158  10:54  Terran Vehicle And Ship Armor Level 1  
  158  10:55  Supply Depot  
  159  10:59  Ghost Academy, Missile Turret  
  159  11:02  Missile Turret  
  159  11:05  Missile Turret  
  159  11:06  Missile Turret  
  159  11:08  Missile Turret  
  159  11:10  Missile Turret  
  158  11:21  Missile Turret x2  
  158  11:23  Missile Turret  
  158  11:24  Missile Turret  
  158  11:26  Missile Turret  
  158  11:29  Liberator  
  158  11:30  SCV x3  
  157  11:39  Hellion  
  163  11:40  Hellion x2  
  163  11:44  Marine x2  
  168  11:55  Supply Depot  
  168  11:56  SCV  
  168  11:58  Supply Depot  
  168  12:01  Hellion x2  
  173  12:04  Infernal Pre-Igniter  
  173  12:08  Marine  
  174  12:23  Factory Tech Lab  
  174  12:25  Factory Tech Lab  
  174  12:36  Missile Turret  
  174  12:39  Missile Turret  
  174  12:41  Missile Turret  
  174  12:44  SCV x3, Missile Turret  
  176  12:46  Siege Tank x3  
  176  12:47  Viking, Marine  
  176  12:48  Marine  
  176  12:49  Terran Vehicle And Ship Armor Level 2, Terran Vehicle Weapons Level 2  
  190  13:04  Command Center  
  190  13:05  Barracks  
  190  13:06  Command Center, Barracks x2  
  190  13:08  Command Center  
  190  13:09  Barracks, Marine x2  
  190  13:11  Barracks  
  192  13:18  Siege Tank x2  
  192  13:19  Hi-Sec Auto Tracking  
  198  13:26  Marine  
  197  13:56  Marine x3  
  195  14:16  Building Armor  
  184  14:26  Liberator  
  147  14:39  Marine x3  
  147  14:40  Marine x3  
  147  14:41  Siege Tank x2  
  147  14:42  Siege Tank  
  151  15:05  Marine x7  
  158  15:08  Liberator  
  158  15:16  Cyclone x3  
  158  15:20  Orbital Command  
  170  15:33  Marine x6  
  170  15:34  Marine  
  177  15:48  Cyclone x3  
  146  15:51  Marine x7  
  125  16:08  SCV x4, Raven, Marine x2  
  125  16:09  SCV, Marine x3  
  131  16:20  Cyclone x3  
  140  16:40  Liberator  
  140  16:48  Barracks Tech Lab x3  
  140  16:52  Cyclone x2  
  146  16:54  Thor  
  146  16:56  Orbital Command  
  155  17:02  Terran Vehicle And Ship Armor Level 3  
  155  17:08  Marine  
  155  17:09  Marine x5  
  161  17:18  Planetary Fortress  
  161  17:24  Thor, Hellion  
  161  17:26  Missile Turret, Marine  
  161  17:27  Marine x2  
  161  17:28  Missile Turret  
  172  17:35  Refinery  
  172  17:37  Hellion  
  172  17:38  Refinery  
  174  17:46  Hellion  
  176  17:53  SCV x3  
  179  17:59  Hellion  
  181  18:07  Hellion  
  183  18:16  Ghost x3  
  175  18:34  Marine x3  
  145  18:44  Ghost  
  130  18:52  Hellion x3  
  119  19:10  Orbital Command  
  119  19:11  Refinery  
  119  19:14  Hellion x3, Terran Vehicle Weapons Level 3  
  119  19:15  Marine x3  
  119  19:16  Marine x3  
  131  19:17  Refinery  
  131  19:33  Marine x3  
  131  19:35  Hellion x3  
  140  19:43  Ghost x2  
  139  19:56  Hellion x2  
  139  19:57  Hellion  
  145  20:03  Starport  
  145  20:15  Ghost  
  145  20:18  Hellion  
  147  20:25  Hellion  
  147  20:26  Hellion  
  151  20:39  Hellion, Liberator  
  153  20:47  Hellion x2  
  156  20:53  Ghost x2  
  156  20:54  Ghost  
  165  21:00  Hellion  
  167  21:08  Hellion  
  167  21:09  Hellion  
  171  21:22  Hellion  
  165  21:30  Hellion x2  
  163  21:34  Ghost x3  
  157  21:43  Hellion  
  159  21:48  Command Center  
  159  21:51  Hellion x2  
  161  22:05  Hellion  
  163  22:12  Siege Tank x2  
  119  22:59  Cyclone x3  
  119  23:00  Viking  
  119  23:01  Marine  
  119  23:02  Command Center, Marine  
  107  23:19  Marine  
  65  23:31  Cyclone x3  
  74  23:49  Starport Tech Lab  
  74  23:52  Starport  
  74  23:55  Starport  
  74  24:00  Raven  
  76  24:03  Cyclone x3  
  67  24:22  Marine  
  67  24:23  Marine x4  
  59  24:35  Cyclone x2  
  55  24:40  Marine x2  
  55  24:41  Marine x2  
Show
View Real Time Build Order
Export as new Build Order

maikojodan Protoss - Winner!

Build Orders:  

Get SALT Encoding   

  12  0:01  Probe (Chrono Boost)  
  13  0:11  Probe (Chrono Boost)  
  14  0:25  Pylon  
  14  0:26  Probe (Chrono Boost)  
  15  0:43  Probe (Chrono Boost)  
  15  0:45  Gateway  
  16  0:50  Assimilator  
  16  0:54  Probe (Chrono Boost)  
  17  1:04  Probe (Chrono Boost)  
  18  1:15  Probe (Chrono Boost)  
  19  1:24  Gateway  
  20  1:25  Probe (Chrono Boost)  
  20  1:26  Pylon  
  20  1:33  Cybernetics Core  
  20  1:36  Probe (Chrono Boost)  
  21  1:42  Assimilator  
  21  1:47  Probe (Chrono Boost)  
  22  1:57  Probe (Chrono Boost)  
  23  2:07  Nexus  
  23  2:13  Adept (Chrono Boost)  
  25  2:19  Mothership Core (Chrono Boost)  
  27  2:27  Pylon  
  27  2:36  Adept (Chrono Boost)  
  29  2:56  Adept (Chrono Boost), Warp Gate  
  31  3:00  Probe  
  31  3:03  Twilight Council  
  32  3:09  Adept (Chrono Boost)  
  32  3:12  Probe  
  35  3:19  Stalker (Chrono Boost)  
  37  3:21  Pylon  
  37  3:29  Probe  
  37  3:30  Probe  
  41  3:37  Stalker (Chrono Boost)  
  41  4:00  Probe  
  41  4:02  Probe  
  43  4:04  Pylon  
  41  4:12  Probe  
  41  4:14  Probe  
  43  4:19  Blink  
  43  4:22  Probe (Chrono Boost)  
  44  4:27  Robotics Facility  
  44  4:28  Probe (Chrono Boost)  
  44  4:30  Assimilator  
  45  4:34  Probe (Chrono Boost)  
  45  4:35  Assimilator  
  46  4:39  Probe (Chrono Boost)  
  46  4:43  Gateway  
  46  4:45  Gateway, Probe (Chrono Boost)  
  48  4:50  Probe (Chrono Boost)  
  49  4:56  Probe (Chrono Boost)  
  50  5:00  Probe (Chrono Boost)  
  50  5:06  Probe (Chrono Boost)  
  50  5:21  Nexus  
  50  5:22  Pylon  
  50  5:25  Pylon  
  48  5:33  Immortal (Chrono Boost)  
  50  5:42  Stalker x3  
  50  5:43  Stalker  
  54  5:52  Probe  
  54  5:53  Pylon  
  54  5:54  Probe, Gateway  
  56  6:03  Probe  
  56  6:06  Probe  
  56  6:10  Stalker x3  
  60  6:14  Observer (Chrono Boost)  
  61  6:24  Probe  
  61  6:25  Probe  
  63  6:35  Probe x2  
  63  6:38  Probe  
  66  6:40  Resonating Glaives  
  66  6:45  Probe  
  66  6:46  Probe  
  67  6:48  Forge  
  67  6:50  Probe  
  67  6:51  Forge  
  61  6:56  Mothership Core  
  61  7:02  Stalker x3  
  61  7:04  Immortal (Chrono Boost)  
  61  7:06  Adept  
  73  7:10  Adept  
  75  7:20  Gateway  
  75  7:22  Gateway  
  75  7:25  Adept  
  75  7:26  Adept x2  
  75  7:27  Adept  
  83  7:30  Protoss Ground Weapons Level 1 (Chrono Boost)  
  83  7:31  Protoss Ground Armor Level 1 (Chrono Boost)  
  83  7:34  Probe x2  
  83  7:36  Probe  
  86  7:38  Immortal  
  90  7:55  Adept x4  
  90  7:57  Adept  
  100  8:02  Pylon  
  100  8:03  Pylon  
  100  8:05  Pylon  
  82  8:29  Adept x5  
  88  8:39  Stalker x2  
  88  8:50  Stalker  
  88  8:51  Stalker x4  
  88  8:52  Probe x3  
  88  8:55  Assimilator  
  101  8:59  Assimilator  
  101  9:00  Templar Archives  
  101  9:02  Adept x2  
  103  9:04  Probe x2  
  94  9:22  Mothership Core  
  94  9:23  Probe x2  
  94  9:24  Charge (Chrono Boost)  
  94  9:25  Immortal  
  94  9:29  Protoss Ground Armor Level 2 (Chrono Boost), Psionic Storm  
  98  9:35  Probe  
  99  9:41  Zealot x4  
  99  9:43  Probe x2  
  109  9:47  Probe  
  110  9:55  Robotics Facility  
  110  10:01  Protoss Ground Weapons Level 2 (Chrono Boost)  
  110  10:03  Nexus, Observer  
  111  10:07  Pylon, High Templar  
  111  10:10  High Templar  
  115  10:15  Pylon  
  115  10:21  Zealot  
  115  10:22  Zealot x2  
  115  10:24  Zealot  
  115  10:26  Observer (Chrono Boost)  
  124  10:38  Stalker  
  124  10:39  Stalker  
  124  10:42  Zealot x3  
  134  10:50  Warp Prism (Chrono Boost)  
  134  10:54  High Templar x2  
  140  11:00  Pylon  
  140  11:02  Pylon  
  140  11:21  Gateway  
  140  11:22  Gateway, Zealot x5  
  146  11:52  Stargate  
  146  11:54  Stargate  
  146  11:56  Assimilator  
  146  11:59  High Templar x2  
  150  12:01  Assimilator  
  150  12:04  Photon Cannon  
  150  12:08  Zealot x4  
  150  12:09  Zealot  
  148  12:35  Nexus  
  148  12:36  Pylon  
  148  12:38  Pylon  
  148  12:39  Pylon, Protoss Air Weapons Level 1  
  148  12:40  Fleet Beacon  
  148  12:43  Stargate  
  148  12:47  Probe x3  
  151  12:58  Photon Cannon  
  151  12:59  Photon Cannon  
  151  13:01  Photon Cannon  
  151  13:06  Assimilator  
  151  13:19  Nexus  
  151  13:21  Pylon x2  
  151  13:24  Tempest (Chrono Boost)  
  151  13:25  Tempest (Chrono Boost)  
  159  13:31  Stalker x3  
  169  13:56  Tempest (Chrono Boost)  
  146  14:38  Archon  
  101  14:59  Void Ray (Chrono Boost)  
  101  15:06  Zealot x2  
  106  15:07  Zealot x5  
  106  15:13  Gateway  
  106  15:14  Gateway  
  110  15:19  Gateway  
  110  15:21  Immortal (Chrono Boost)  
  115  15:29  Stargate x2  
  115  15:30  Immortal (Chrono Boost)  
  115  15:32  Fleet Beacon, Zealot  
  115  15:33  Zealot x6  
  61  16:06  Protoss Ground Weapons Level 3  
  61  16:09  Probe  
  62  16:11  Probe x3  
  62  16:18  Protoss Shields Level 1  
  65  16:19  Protoss Air Weapons Level 2  
  65  16:20  Probe, Tempest  
  65  16:23  Probe x3  
  73  16:26  High Templar  
  73  16:27  High Templar x2  
  73  16:29  High Templar  
  73  16:30  Probe  
  82  16:35  Probe x2  
  84  16:45  Assimilator  
  84  16:47  Assimilator  
  84  16:59  Tempest (Chrono Boost)  
  88  17:07  Tempest (Chrono Boost)  
  92  17:14  Assimilator  
  92  17:21  Tempest (Chrono Boost)  
  96  17:30  High Templar x4  
  96  17:31  High Templar x3  
  96  17:34  Archon x2  
  96  17:35  Archon  
  110  17:42  Tempest (Chrono Boost)  
  114  17:58  Nexus  
  114  18:00  Pylon  
  113  18:14  Observer x2  
  115  18:20  Robotics Bay  
  115  18:26  Zealot  
  115  18:27  Zealot x3  
  119  18:33  Probe  
  116  18:35  Probe x3, Immortal  
  112  18:43  Probe  
  112  18:44  Zealot x2  
  115  18:53  Probe x3  
  115  18:54  Probe  
  117  19:04  Probe  
  117  19:05  Probe x3  
  121  19:15  High Templar  
  121  19:16  High Templar x5  
  133  19:17  Probe x3  
  133  19:21  Archon x2  
  133  19:24  Archon  
  136  19:28  Tempest (Chrono Boost)  
  140  19:32  Observer Gravitic Boosters  
  140  19:36  Protoss Shields Level 2  
  140  19:47  Tempest (Chrono Boost)  
  140  19:50  Assimilator  
  140  19:52  Probe  
  144  19:54  Probe x2  
  147  20:04  Mothership Core  
  147  20:06  Nexus  
  149  20:07  Pylon  
  149  20:08  Zealot  
  149  20:13  Dark Shrine  
  150  20:22  Tempest (Chrono Boost)  
  150  20:25  Protoss Air Weapons Level 3  
  154  20:35  Tempest (Chrono Boost)  
  157  20:47  Probe  
  157  20:49  Probe x2  
  146  20:50  Probe  
  146  20:58  Probe  
  146  21:01  Probe x2  
  146  21:02  Probe, Pylon  
  150  21:06  Pylon  
  150  21:08  Probe  
  151  21:13  Probe x2  
  151  21:14  Probe, Tempest (Chrono Boost)  
  156  21:19  Probe  
  156  21:22  Probe  
  156  21:25  Probe x2  
  148  21:26  Probe  
  148  21:29  Probe  
  148  21:32  Probe  
  151  21:37  Probe x2  
  154  21:43  Tempest (Chrono Boost)  
  154  21:46  Tempest (Chrono Boost)  
  162  21:53  Dark Templar  
  164  22:01  High Templar  
  164  22:02  High Templar x3  
  172  22:35  Stalker x3  
  172  22:36  Stalker x2  
  162  22:48  Archon x4  
  128  22:59  Adept  
  128  23:00  Adept x7  
  128  23:01  Adept  
  134  23:26  Tempest (Chrono Boost)  
  130  23:28  Probe  
  130  23:29  Probe  
  130  23:30  Probe x3  
  135  23:39  Probe  
  135  23:40  Probe  
  136  23:42  Probe x2  
  136  23:46  Tempest (Chrono Boost)  
  136  23:47  Zealot x4  
  136  23:48  Zealot x5  
  161  23:56  Observer  
  145  24:20  Tempest (Chrono Boost)  
  134  24:32  Tempest (Chrono Boost)  
Tags
 
Add a new tag
Caveats
  • Supply blocks, unpowered buildings, or Contaminate may cause inaccurate times.
  • Supply counts are checked every 10 seconds.